AoeStats
← 739697286

Lombardia

508639723Analyzed
4v4 RM · 10d ago on Sep 23, 2026· 58m 23s· 8 players
Game mode
Random Map
Map size
Large (8 player)
Population
200
Speed
Normal
Resources
Standard
Victory
Conquest
Starting age
Dark Age
Ending age
Imperial Age
RankedLock teamsTeams togetherTeam positionsShared explorationLock speedFull tech treeHidden civsTurbo modeCheats
Victory
Defeat
🇬🇧 Bohemians · United Kingdom
1618
+10
🇻🇳 Varangians · Vietnam
1568
+12
🇹🇷 Britons · Türkiye
1543
+13
🇯🇵 Aztecs · Japan
1520
+15
🇻🇳 Koreans · Vietnam
1516
-14
🇨🇳 Bulgarians · China
1513
-14
🇨🇳 Huns · China
1448
-11
🇨🇳 Poles · China
1438
-11
Apep
11:11 Feudal Age
11:56 Horse Collar
12:27 Double-Bit Axe
15:00 Castle Age
21:17 Bow Saw
22:06 Loom
21:58 Pikeman
25:17 Sanctity
27:04 Squires
27:38 Gold Mining
29:29 Wheelbarrow
29:34 Stone Mining
34:33 Imperial Age
32:29 Forging
33:39 Scale Mail Armor
34:56 Iron Casting
34:41 Halberdier
36:50 Blast Furnace
35:41 Fletching
36:57 Padded Archer Armor
37:36 Masonry
38:04 Bodkin Arrow
39:48 Chemistry
39:30 Siphons
39:39 Warwolf
41:59 Ballistics
43:07 Conscription
44:17 Elite Skirmisher
44:47 Crossbowman
46:18 Arbalester
47:10 Bracer
49:29 Chain Mail Armor
49:57 Leather Archer Armor
50:46 Plate Mail Armor
50:35 Caravan
53:23 Guilds
AJC
8:38 Loom
11:18 Feudal Age
15:17 Castle Age
13:07 Double-Bit Axe
13:20 Horse Collar
16:59 Bow Saw
19:52 Fervor
22:04 Sanctity
23:12 Heavy Plow
25:03 Wheelbarrow
26:02 Fletching
27:25 Chemistry
26:44 Padded Archer Armor
28:18 Hand Cart
33:01 Imperial Age
31:24 Ballistics
30:50 Pikeman
31:30 Squires
31:32 Scale Mail Armor
31:44 Wagenburg Tactics
32:32 Chain Mail Armor
32:27 Forging
32:50 Bodkin Arrow
33:11 Halberdier
34:24 Plate Mail Armor
34:30 Iron Casting
34:22 Conscription
35:11 Two-Man Saw
36:31 Blast Furnace
35:32 Bracer
35:54 Hussite Reforms
36:23 Fortified Wall
36:20 Siege Engineers
36:26 Masonry
36:49 Guilds
36:40 Caravan
36:12 Houfnice
38:38 Leather Archer Armor
41:15 Ring Archer Armor
43:40 Architecture
44:15 Murder Holes
44:12 Elite Hussite Wagon
51:10 Fortified Wall
50:39 Capped Ram
51:44 Arson
god comic
7:24 Loom
9:25 Feudal Age
10:10 Double-Bit Axe
12:22 Arson
13:11 Horse Collar
14:07 Scale Mail Armor
14:51 Forging
19:57 Castle Age
21:58 Pikeman
23:00 Squires
26:52 Wheelbarrow
26:03 Town Watch
30:04 Gold Mining
31:18 Chain Mail Armor
33:32 Gold Shaft Mining
32:49 Stone Mining
34:06 Bow Saw
34:11 Heavy Plow
37:21 Imperial Age
35:32 Gambesons
35:09 Eagle Warrior
36:44 Stone Shaft Mining
38:42 Plate Mail Armor
38:47 Iron Casting
38:35 Conscription
38:48 Garland Wars
39:44 Elite Jaguar Warrior
42:22 Blast Furnace
42:03 Elite Eagle Warrior
45:57 Fortified Wall
45:31 Treadmill Crane
48:44 Caravan
50:06 Town Patrol
50:57 Crop Rotation
56:50 Coinage
luanb10
10:39 Feudal Age
14:20 Castle Age
12:34 Double-Bit Axe
12:59 Horse Collar
22:18 Wheelbarrow
22:42 Bow Saw
24:04 Gold Mining
24:05 Stone Mining
24:35 Hand Cart
24:47 Loom
27:38 Stone Shaft Mining
32:26 Imperial Age
30:33 Husbandry
30:43 Bloodlines
31:00 Fletching
31:11 Padded Archer Armor
31:29 Town Watch
32:11 Bodkin Arrow
32:50 Town Patrol
33:22 Coinage
32:52 Caravan
33:39 Ballistics
34:20 Chemistry
33:21 Bracer
33:47 Fortified Wall
34:08 Leather Archer Armor
34:34 Conscription
33:37 Elite Jarl
34:26 Scale Barding Armor
35:30 Ring Archer Armor
36:47 Chain Barding Armor
37:32 Masonry
38:39 Plate Barding Armor
37:42 Cranequins
41:13 Forging
42:16 Banking
41:57 Guilds
44:42 Iron Casting
47:09 Blast Furnace
51:40 Gambesons
51:56 Squires
59:21 Two-Man Saw
DALAT_M<O>NGKHAN
11:14 Feudal Age
15:24 Castle Age
14:05 Double-Bit Axe
14:51 Fletching
15:34 Stone Mining
23:48 Bodkin Arrow
26:36 Wheelbarrow
26:12 Bow Saw
26:43 Loom
26:43 Loom
27:21 Caravan
33:42 Imperial Age
33:37 Hand Cart
33:44 Gold Mining
34:26 Bracer
35:29 Chemistry
35:44 Conscription
35:35 Elite War Wagon
37:59 Two-Man Saw
36:41 Horse Collar
37:37 Gold Shaft Mining
38:14 Ballistics
38:43 Shinkichon
40:00 Husbandry
49:10 Fortified Wall
49:11 Masonry
50:28 Arrowslits
52:04 Shinkichon
51:46 Eupseong
52:54 Stone Shaft Mining
53:22 Architecture
53:37 Murder Holes
喷火龙
10:24 Feudal Age
12:35 Double-Bit Axe
14:52 Castle Age
13:27 Horse Collar
16:59 Bow Saw
16:55 Heavy Plow
20:32 Heavy Plow
22:15 Wheelbarrow
21:24 Light Cavalry
24:31 Gold Mining
25:35 Scale Barding Armor
25:41 Forging
28:40 Imperial Age
25:58 Loom
25:59 Town Watch
26:37 Hand Cart
26:33 Stone Mining
27:06 Fortified Wall
27:08 Masonry
26:54 Murder Holes
27:04 Squires
28:04 Szlachta Privileges
28:20 Chain Barding Armor
28:41 Iron Casting
28:30 Bloodlines
28:20 Husbandry
28:47 Caravan
29:37 Town Patrol
29:18 Cavalier
31:01 Blast Furnace
30:44 Conscription
30:29 Scale Mail Armor
30:16 Arson
30:30 Pikeman
31:07 Winged Hussar
31:19 Elite Obuch
32:27 Chain Mail Armor
33:22 Plate Mail Armor
34:54 Chemistry
33:45 Capped Ram
37:37 Crop Rotation
36:59 Fletching
40:01 Lechitic Legacy
39:50 Siege Ram
40:20 Man-at-Arms
41:03 Long Swordsman
52:35 Two-Handed Swordsman
55:26 Champion
3149825698
6:53 Loom
10:36 Feudal Age
16:53 Castle Age
14:43 Double-Bit Axe
16:15 Horse Collar
17:21 Gold Mining
18:07 Bow Saw
21:39 Heavy Plow
25:32 Forging
25:47 Scale Barding Armor
25:59 Bloodlines
25:51 Husbandry
27:03 Wheelbarrow
26:52 Stone Mining
28:51 Gold Shaft Mining
31:14 Hand Cart
33:49 Imperial Age
31:24 Caravan
32:17 Fletching
33:11 Bodkin Arrow
33:17 Padded Archer Armor
33:46 Thumb Ring
34:06 Ballistics
35:04 Conscription
34:08 Heavy Cavalry Archer
35:14 Parthian Tactics
36:30 Two-Man Saw
35:21 Town Watch
36:09 Leather Archer Armor
35:55 Bracer
36:19 Town Patrol
38:12 Chemistry
39:46 Marauders
39:09 Elite Tarkan
40:25 Iron Casting
43:22 Capped Ram
44:39 Chain Barding Armor
44:16 Siege Ram
51:37 Light Cavalry
54:37 Blast Furnace
54:13 Plate Barding Armor
53:08 Hussar
739697286
7:29 Loom
9:46 Feudal Age
11:38 Double-Bit Axe
12:19 Horse Collar
18:37 Wheelbarrow
22:27 Castle Age
20:45 Forging
20:59 Scale Barding Armor
20:58 Gold Mining
22:40 Light Cavalry
23:57 Iron Casting
23:56 Bow Saw
25:52 Hand Cart
25:56 Heavy Plow
27:39 Husbandry
33:55 Bloodlines
34:24 Gold Shaft Mining
33:56 Stone Mining
36:43 Chain Barding Armor
39:23 Imperial Age
36:56 Caravan
37:56 Fletching
38:07 Scale Mail Armor
37:57 Fletching
38:07 Scale Mail Armor
37:57 Fletching
38:24 Gambesons
38:39 Squires
38:24 Gambesons
38:39 Squires
38:00 Pikeman
38:25 Arson
39:34 Chain Mail Armor
39:15 Bodkin Arrow
39:22 Padded Archer Armor
39:52 Capped Ram
40:03 Halberdier
41:18 Plate Mail Armor
41:48 Blast Furnace
41:19 Plate Mail Armor
41:49 Blast Furnace
41:19 Plate Mail Armor
41:49 Blast Furnace
41:40 Stone Shaft Mining
44:34 Crop Rotation
49:03 Conscription
50:09 Siege Ram
58:33 Bagains
Connection lost

Rejoining the realm…

Still unreachable

The connection could not be restored.

Session expired

The server has moved on; the page needs a fresh start.